cohdb
Replays
Latest Replays
All Replays
Popular Replays
Top Player Replays
Match Explorer
How It Works
Community
CoH3 Stats
Reddit
Sign in to upload your games and track your stats! →
Sign in with Steam
Match 40829628
Unlisted
Match 40829628
Overview
Messages
Build Orders
End
Panzerpioneer Squad
Selects Panzerjäger Kommand Battlegroup
250 Light Carrier
250 Light Carrier
Panzerpioneer Squad
Construct Light Support Kompanie
Selects GrB 39 Grenade Launcher Requisition
Panzerjäger Squad
Fire Support Elements
Flakvierling Half-track
2.5-tonne Medical Truck
Panzerpioneer Squad
Combat Half-tracks
Vehicle Survival Package
Pak 38 Mechanized Group
Construct Panzerarmee Kommand
Walking Stuka Rocket Launcher
Selects Mine Fields
Selects Defensive Positions
Link626
Prime
raven182
Insurmountable Odds
Doubletap
Scuzzle
Rodey
Vlady the Impaler
0
0
Comments
sign in to comment!
No comments posted yet!